 Dungeon Crawl Stone Soup version 0.17-a0-1900-g45e8110 (webtiles) character file.

385 dpvblackbelt the Cruncher (level 6, -4/50 HPs)
             Began as a Minotaur Gladiator on Sept 24, 2015.
             Was a Believer of Makhleb.
             Slain by an ogre
             ... wielding a +0 giant spiked club
              (16 damage)
             ... on level 5 of the Dungeon.
             The game lasted 00:05:57 (3436 turns).

dpvblackbelt the Cruncher (Minotaur Gladiator)      Turns: 3436, Time: 00:05:57

Health: -4/50      AC:  3    Str: 20    XL:     6   Next: 48%
Magic:  5/5        EV:  8    Int:  5    God:    Makhleb [**....]
Gold:   295        SH:  0    Dex: 12    Spells: 0 memorised, 5 levels left

rFire  . . .     SeeInvis .     a - +0 quarterstaff
rCold  . . .     Clarity  .     (no armour)
rNeg   . . .     SustAt   .     (no shield)
rPois  .         Gourm    .     c - +0 hat
rElec  .         Spirit   .     (no cloak)
rCorr  .         Warding  .     (no gloves)
rMut   .         Stasis   .     s - +2 pair of boots
MR     .....                    (no amulet)
Stlth  +.........               (no ring)
                                (no ring)

@: not resistant to hostile enchantments, very unstealthy
A: retaliatory headbutt, horns 2
a: Minor Destruction, Renounce Religion


You were on level 5 of the Dungeon.
You worshipped Makhleb.
Makhleb was pleased with you.
You were hungry.

You visited 1 branch of the dungeon, and saw 5 of its levels.

You collected 295 gold pieces.

Inventory:

Hand weapons
 a - a +0 quarterstaff (weapon)
Missiles
 d - 3 throwing nets {=f, !d}
Armour
 b - a +0 leather armour
 c - a +0 hat (worn)
 k - a +0 pair of boots
   (You found it on level 1 of the Dungeon)
 s - a +2 pair of boots (worn)
   (You found it on level 2 of the Dungeon)
 x - a +0 pair of gloves
   (You found it on level 3 of the Dungeon)
 z - a +0 pair of gloves
   (You found it on level 3 of the Dungeon)
 D - a +0 scale mail
   (You took it off an orc on level 3 of the Dungeon)
 E - a +0 ring mail
   (You found it on level 4 of the Dungeon)
Magical devices
 C - a wand of disintegration (11)
   (You found it on level 4 of the Dungeon)
Scrolls
 g - a scroll of immolation {unknown}
 j - a scroll of enchant armour {unknown}
 l - 2 scrolls of identify
 q - a scroll of magic mapping {unknown}
 t - a scroll of noise {unknown}
 v - a scroll of enchant weapon {unknown}
 w - a scroll of teleportation {unknown}
 y - a scroll of fog {unknown}
Potions
 f - 2 potions of curing
 i - a potion of degeneration {!q}
 m - a potion of lignification {unknown}
 n - a potion of cure mutation {unknown}
 o - a potion of resistance {unknown}
 r - 2 potions of heal wounds
 u - a potion of mutation {unknown}
 A - 2 potions of poison {unknown}
 B - a potion of flight {unknown}
Comestibles
 e - 4 bread rations {@e1@e1}
 h - 2 meat rations {@e2@e2}
 p - a slice of pizza


   Skills:
 - Level 2.4 Fighting
 + Level 8.9 Staves
 - Level 2.0 Throwing
 - Level 3.2 Dodging


You had 5 spell levels left.
You didn't know any spells.

Dungeon Overview and Level Annotations

Branches:
Dungeon (5/15)
 Temple: D:4-7

Altars:
Ashenzari
Cheibriados
Gozag
Makhleb
Ru
Vehumet


Innate Abilities, Weirdness & Mutations

You reflexively headbutt those who attack you in melee.
You have a pair of horns on your head.


Message History

There is an open door here.
E - a ring mail As you open the door, it creaks loudly!
There is an open door here.
You open the door.
There is an open door here.
You open the door.
There is an open door here.
There is an open door here.
Things that are here:
a giant club; an ogre skeleton No target in view!
(D) Dungeon
Where to? (Enter - D:4, ? - help)
A giant gecko comes into view.
The giant gecko closely misses you.
You completely miss the giant gecko. You headbutt the giant gecko.
You sock the giant gecko!
You kill the giant gecko!
Makhleb accepts your kill.
No target in view!
No target in view!
(D) Dungeon
Where to? (Enter - D:5, ? - help)
You are feeling hungry.
There is a stone staircase leading down here.
(D) Dungeon
Where to? (Enter - D:5, ? - help)
You climb downwards.
You hear the hiss of flowing sand.
There is an entrance to an ossuary on this level.
Hurry and find it before the portal is buried!
A giant frog zombie comes into view.
There is a stone staircase leading up here.
Read which item? (? for menu, Esc to quit)
Okay, then.
A giant frog zombie is nearby!
A giant frog zombie is nearby!
A hound comes into view.
The hound barks!
The hound barely misses you.
You hit the hound but do no damage. The hound bites you but does no damage.
You hit the hound. The hound closely misses you.
You closely miss the hound. Your headbutt misses the hound.
The hound bites you but does no damage. The hound barely misses you.
You furiously retaliate!
You headbutt the hound, but do no damage.
You closely miss the hound. The hound bites you.
You take 1 damage, and have 49/50 hp.
You hit the hound but do no damage. The hound misses you.
You sock the hound! You headbutt the hound.
You kill the hound!
Makhleb accepts your kill.
You sock the giant frog zombie!
The giant frog zombie barely misses you.
You hit the giant frog zombie.
The giant frog zombie closely misses you.
You sock the giant frog zombie! The giant frog zombie hits you.
The giant frog zombie hits you.
You take 5 damage, and have 44/50 hp.
You hit the giant frog zombie. The giant frog zombie misses you.
You hit the giant frog zombie. You headbutt the giant frog zombie!
The giant frog zombie completely misses you.
You hit the giant frog zombie.
You destroy the giant frog zombie!
Makhleb accepts your kill.
You feel your intelligence returning.
No target in view!
No target in view!
Found a stone staircase leading down.
You regained 2 hp, and now have 47/50 hp.
No target in view!
You see here a mace.
There is a stone staircase leading down here.
You hear the slow hiss of a very distant avalanche of sand.
Found a stone staircase leading down.
Health restored: 50 An ogre comes into view.
It is wielding a giant spiked club.
The ogre shouts!
The ogre moves out of view.
The ogre is too close now for your liking.
You sock the ogre!
The ogre hits you with a giant spiked club.
A centaur skeleton comes into view.
You take 3 damage, and have 47/50 hp.
You closely miss the ogre. Your headbutt misses the ogre.
You barely miss the ogre.
The ogre hits you with a giant spiked club!!
You take 22 damage, and have 25/50 hp.
MASSIVE DAMAGE!!
Found a stone staircase leading up.
The centaur skeleton hits you.
You take 6 damage, and have 21/50 hp.
The centaur skeleton hits you.
There is a stone staircase leading up, spattered with blood here.
You take 5 damage, and have 16/50 hp.
You hear the slow hiss of a distant avalanche of sand.
The centaur skeleton hits you.
* * * LOW HITPOINT WARNING * * *
The ogre hits you with a giant spiked club!
You die...

#...# ....... #...#
.####... #...# ###$..
#... #..%# #... #.##
#######.(.####.## #.#
#...............###...##
..................#.....
#......OZ.......#......#
#####.#@..#.##.##.#...##
# #..$#.##........#
#...#.#####.##..#
#...#.# #.##..# #...#.#
#.##..# ......# #.....##
##.### ####.##. .. #....
####.


You could see an ogre and a centaur skeleton.

Vanquished Creatures
  An ogre (D:4)
  A giant frog zombie (D:5)
  A hound (D:5)
  2 orc wizards (D:3)
  Natasha (D:2)
  A worker ant (D:4)
  5 adders
  3 worms
  A giant gecko (D:4)
  11 orcs (D:3)
  3 bats
  3 giant cockroaches
  5 goblins
  7 hobgoblins
  6 jackals (D:3)
  8 kobolds
  5 quokkas
  A giant newt (D:1)
  6 rats
71 creatures vanquished.

Notes
Turn   | Place    | Note
--------------------------------------------------------------
     0 | D:1      | dpvblackbelt the Minotaur Gladiator began the quest for the Orb.
     0 | D:1      | Reached XP level 1. HP: 18/18 MP: 0/0
   132 | D:1      | Reached skill level 4 in Staves
   435 | D:1      | Reached XP level 2. HP: 23/25 MP: 1/1
  1360 | D:2      | Noticed Natasha
  1365 | D:2      | Killed Natasha
  1365 | D:2      | Reached skill level 5 in Staves
  1365 | D:2      | Reached XP level 3. HP: 28/30 MP: 2/2
  1405 | D:2      | Found a radiant altar of Vehumet.
  1405 | D:2      | Found a burning altar of Makhleb.
  1411 | D:2      | Became a worshipper of Makhleb the Destroyer
  1437 | D:2      | Reached XP level 4. HP: 34/37 MP: 3/3
  1476 | D:2      | You fall through a shaft!
  1482 | D:3      | Reached skill level 6 in Staves
  1602 | D:3      | HP: 7/37 [orc/flail (8)]
  1935 | D:3      | Acquired Makhleb's first power
  1941 | D:3      | Reached XP level 5. HP: 36/42 MP: 4/4
  2062 | D:2      | Reached skill level 7 in Staves
  2161 | D:2      | Found a snail-covered altar of Cheibriados.
  2167 | D:2      | Found a sacrificial altar of Ru.
  2264 | D:3      | HP: 9/42 [orc/hand axe (4)]
  2654 | D:4      | Found an opulent altar of Gozag.
  2718 | D:4      | Found a shattered altar of Ashenzari.
  2873 | D:4      | Found a shattered altar of Ashenzari.
  2896 | D:4      | Noticed an ogre
  2901 | D:4      | Killed an ogre
  2901 | D:4      | Reached skill level 8 in Staves
  2901 | D:4      | Reached XP level 6. HP: 47/50 MP: 5/5
  3027 | D:4      | Acquired Makhleb's second power
  3334 | D:5      | Entered Level 5 of the Dungeon
  3436 | D:5      | HP: 12/50 [centaur skeleton (4)]
  3436 | D:5      | Slain by an ogre

Vault maps used:
D:1:      co_arrival_random_square_maze, st_stairs_12
D:2:      gammafunk_temple_overflow_wave, minitemple, uniq_natasha
D:3:      kennysheep_generic_room_8
D:4:      kennysheep_big_flooded_room, nicolae_overflow_hidden_temple,
          first_bread, hangedman_decor_push, nicolae_ashenzari_panopticon
D:5:      enter_ossuary_2

Action                   |  1- 3 |  4- 6 || total
-------------------------+-------+-------++-------
Melee: Quarterstaff      |    41 |   109 ||   150
  Use: Potion            |       |     4 ||     4
       Scroll            |       |     2 ||     2
  Eat: Chunk             |     2 |     5 ||     7

Vault maps used:
D:1:      co_arrival_random_square_maze, st_stairs_12
D:2:      gammafunk_temple_overflow_wave, minitemple, uniq_natasha
D:3:      kennysheep_generic_room_8
D:4:      kennysheep_big_flooded_room, nicolae_overflow_hidden_temple,
          first_bread, hangedman_decor_push, nicolae_ashenzari_panopticon
D:5:      enter_ossuary_2

Table legend:
 A = Turns spent in this place as a percentage of turns spent in the entire game.
 B = Non-inter-level travel turns spent in this place as a percentage of non-inter-level travel turns spent in the entire game.
 C = Inter-level travel turns spent in this place as a percentage of turns spent in this place.
 D = Turns resting spent in this place as a percentage of non-inter-level travel turns spent in this place.
 E = Turns spent auto-exploring this place as a percentage of non-inter-level travel turns spent in this place.
 F = Non-inter-level travel turns spent in this place divided by the number of levels of this place that you've seen.
                   A       B       C       D       E      F
               +-------+-------+-------+-------+-------+----------------------
         Total | 100.0 | 100.0 |   1.0 |   2.5 |  14.6 | 152.0
       Dungeon | 100.0 | 100.0 |   1.0 |   2.5 |  14.6 | 152.0
               +-------+-------+-------+-------+-------+----------------------

Table legend:
 A = Kills in this place as a percentage of kills in entire the game.
 B = Kills by you in this place as a percentage of kills by you in the entire game.
 C = Kills by friends in this place as a percentage of kills by friends in the entire game.
 D = Other kills in this place as a percentage of other kills in the entire game.
 E = Experience gained in this place as a percentage of experience gained in the entire game.
 F = Experience gained in this place divided by the number of levels of this place that you have seen.
                   A       B       C       D       E      F
               +-------+-------+-------+-------+-------+----------------------
         Total | 100.0 | 100.0 |  -nan |  -nan | 100.0 | 110.0
       Dungeon | 100.0 | 100.0 |  -nan |  -nan | 100.0 | 110.0
               +-------+-------+-------+-------+-------+----------------------
